 Dungeon Crawl Stone Soup version 0.25-a0-294-gea9b1ad378 (webtiles) character file.

Game seed: 17949300515126633910, levelgen mode: deterministic

234831 Holzbalken the Tortoise (level 19, -7/128 HPs)
             Began as a Gargoyle Fighter on Dec 14, 2019.
             Was the Champion of Qazlal.
             Mangled by a frost giant
             ... wielding a +1 battleaxe of freezing
              (14 damage)
             ... on level 1 of the Depths on Dec 16, 2019.
             The game lasted 02:43:19 (32032 turns).

Holzbalken the Tortoise (Gargoyle Fighter)         Turns: 32032, Time: 02:43:19

Health: -7/128     AC: 39    Str: 30    XL:     19   Next: 15%
Magic:  0/30       EV:  8    Int: 10    God:    Qazlal [******]
Gold:   3253       SH: 22    Dex:  9    Spells: 18/18 levels left

rFire    . . .     SeeInvis +   W - +3 demon whip "Nebleg" {vamp, +Fly}
rCold    + . .     Gourm    .   k - +0 shield {reflect}
rNeg     + . .     Faith    .   P - +3 plate armour {rC+}
rPois    ∞         Spirit   +   l - +0 helmet
rElec    +         Reflect  +   X - scarf {Spirit}
rCorr    .         Harm     .   b - +3 pair of gauntlets of War {Slay+5}
MR       +....                  w - +1 pair of boots
Stlth    ..........             H - amulet of guardian spirit
HPRegen  0.31/turn              Z - +3 ring of strength
MPRegen  0.22/turn              z - ring of see invisible

@: about to teleport, protected from physical damage, corroded, flying, hasted,
repel missiles, very quick
A: big wings, negative energy resistance 1, electricity resistance, unbreathing,
petrification resistance, rot immunity, AC +14
}: 2/15 runes: decaying, gossamer
a: Stop Flying, Upheaval, Elemental Force, Disaster Area, Renounce Religion


You were on level 1 of the Depths.
You worshipped Qazlal.
Qazlal was exalted by your worship.
You were not hungry.

You visited 7 branches of the dungeon, and saw 33 of its levels.
You also visited: Sewer and Volcano.

You collected 4086 gold pieces.
You spent 833 gold pieces at shops.

Inventory:

Hand Weapons
 o - a +5 morningstar of freezing
   (You took it off a gargoyle on level 10 of the Dungeon)
 W - the +3 demon whip "Nebleg" (weapon) {vamp, +Fly}
   (You bought it in a shop on level 2 of the Orcish Mines)

   It inflicts no extra harm, but heals its wielder when it wounds a living foe.
   It lets you fly.
Armour
 b - the +3 pair of gauntlets of War (worn) {Slay+5}
   (You acquired it on level 13 of the Dungeon)

   It affects your accuracy and damage with ranged weapons and melee attacks
   (+5).
 k - a +0 shield of reflection (worn)
   (You took it off Donald on level 4 of the Swamp)
 l - a +0 helmet (worn)
   (You found it on level 4 of the Dungeon)
 w - a +1 pair of boots (worn)
   (You found it on level 3 of the Dungeon)
 P - a +3 plate armour of cold resistance (worn)
   (You took it off an orc knight on level 2 of the Orcish Mines)
 X - a scarf of spirit shield (worn)
   (You found it on level 13 of the Dungeon)
Jewellery
 i - a +2 amulet of reflection
   (You found it on level 4 of the Spider Nest)
 s - an uncursed ring of positive energy
   (You found it on level 3 of the Dungeon)
 z - a ring of see invisible (right hand)
   (You found it on level 1 of the Dungeon)
 F - an uncursed ring of resist corrosion
   (You found it on level 7 of the Dungeon)
 H - an amulet of guardian spirit (around neck)
   (You found it on level 7 of the Dungeon)
 L - a +3 ring of evasion
   (You found it on level 1 of the Lair of Beasts)
 Z - a +3 ring of strength (left hand)
   (You found it on level 13 of the Dungeon)
Wands
 c - a wand of disintegration (47)
   (You found it on level 7 of the Dungeon)
 d - a wand of iceblast (20)
   (You found it on level 3 of the Lair of Beasts)
 v - a wand of digging (9)
   (You found it on level 12 of the Dungeon)
 x - a wand of acid (30)
   (You took it off an orc on level 4 of the Dungeon)
 D - a wand of polymorph (16)
   (You found it on level 9 of the Dungeon)
 I - a wand of enslavement (5)
   (You found it on level 8 of the Dungeon)
 Q - a wand of scattershot (5)
   (You found it on level 3 of the Lair of Beasts)
Scrolls
 g - 12 scrolls of remove curse {@r2}
 j - 11 scrolls of teleportation {@r4}
 n - 3 scrolls of immolation {!r}
 r - 11 scrolls of enchant armour
 y - 6 scrolls of magic mapping
 A - 7 scrolls of blinking
 C - 2 scrolls of silence
 E - a scroll of identify {@r1}
 G - 5 scrolls of fear
 M - 3 scrolls of summoning
 N - 5 scrolls of holy word
 S - 2 scrolls of fog
 T - a scroll of vulnerability {!r}
Potions
 f - 2 potions of berserk rage
 h - 6 potions of might
 m - 14 potions of curing {@q1}
 p - 2 potions of haste {@q3}
 q - 3 potions of agility
 t - a potion of invisibility
 u - 3 potions of resistance
 B - 6 potions of brilliance
 J - 3 potions of cancellation
 K - a potion of magic
 O - 3 potions of lignification {!q}
 U - 5 potions of ambrosia
 V - a potion of mutation {!q}
Miscellaneous
 a - 2 phantom mirrors
Comestibles
 e - 57 rations {!d}


   Skills:
 + Level 17.1 Fighting
 - Level 16.0 Maces & Flails
 + Level 17.1 Armour
 - Level 15.0 Shields
 + Level 15.2 Invocations


You had 18 spell levels left.
You didn't know any spells.
Your spell library contained the following spells:

 Spells                   Type           Power        Failure   Level  Hunger
 Animate Skeleton         Necr           N/A          88%         1    ##.....
 Apportation              Tloc           #.....       88%         1    ##.....
 Confusing Touch          Hex            #.....       88%         1    ##.....
 Corona                   Hex            #......      88%         1    ##.....
 Magic Dart               Conj           #...         88%         1    ##.....
 Sandblast                Erth           #.....       88%         1    ##.....
 Sting                    Tmut/Pois      #...         88%         1    ##.....
 Summon Butterflies       Summ           #.......     88%         1    ##.....
 Summon Small Mammal      Summ           #...         88%         1    ##.....
 Call Imp                 Summ           #.......     95%         2    ###....
 Ensorcelled Hibernation  Hex/Ice        #.....       95%         2    ###....
 Passwall                 Tmut/Erth      #.......     95%         2    ###....
 Poisonous Vapours        Pois/Air       #.....       95%         2    ###....
 Searing Ray              Conj           #.....       95%         2    ###....
 Call Canine Familiar     Summ           #.......     99%         3    ####...
 Confuse                  Hex            #.......     99%         3    ####...
 Dazzling Flash           Conj/Hex       #.....       99%         3    ####...
 Gell's Gravitas          Tloc           #.........   99%         3    ####...
 Ignite Poison            Fire/Tmut/Pois #.......     99%         3    ####...
 Lesser Beckoning         Tloc           #.........   99%         3    ####...
 Mephitic Cloud           Conj/Pois/Air  #.......     99%         3    ####...
 Stone Arrow              Conj/Erth      #.....       99%         3    ####...
 Summon Guardian Golem    Hex/Summ       #.......     99%         3    ####...
 Tukima's Dance           Hex            #.......     99%         3    ####...
 Fulminant Prism          Conj/Hex       #.........   100%        4    #####..
 Ice Form                 Ice/Tmut       #.......     100%        4    #####..
 Iskenderun's Mystic Bla  Conj/Tloc      #.......     100%        4    #####..
 Olgreb's Toxic Radiance  Pois           #.......     100%        4    #####..
 Petrify                  Tmut/Erth      #.......     100%        4    #####..
 Summon Ice Beast         Ice/Summ       #.......     100%        4    #####..
 Summon Lightning Spire   Summ/Air       #.......     100%        4    #####..
 Alistair's Intoxication  Tmut/Pois      #.......     100%        5    ######.
 Lee's Rapid Deconstruct  Erth           #.........   100%        5    ######.
 Metabolic Englaciation   Hex/Ice        #.........   100%        5    ######.
 Summon Mana Viper        Hex/Summ       #.......     100%        5    ######.
 Yara's Violent Unravell  Hex/Tmut       #.........   100%        5    ######.
 Freezing Cloud           Conj/Ice/Air   #.........   100%        6    #######
 Invisibility             Hex            #.......     100%        6    #######
 Ozocubu's Refrigeration  Ice            #.........   100%        6    #######
 Simulacrum               Ice/Necr       #.........   100%        6    #######
 Summon Hydra             Summ           #.........   100%        7    #######


Dungeon Overview and Level Annotations

Branches:
Dungeon (15/15)            Temple (1/1) D:4            Lair (6/6) D:10
  Swamp (4/4) Lair:2       Spider (4/4) Lair:3        Slime (0/5) Lair:6
    Orc (2/2) D:12            Elf (0/3) Orc:2        Vaults (0/5) D:13
 Depths (1/5) D:15          Sewer (visited)         Volcano (visited)

Altars:
Ashenzari
Cheibriados
Dithmenos
Elyvilon
Fedhas
Gozag
Hepliaklqana
Kikubaaqudgha
Makhleb
Nemelex Xobeh
Okawaru
Qazlal
Ru
Sif Muna
Trog
Uskayaw
Vehumet
Wu Jian
Xom
Yredelemnul
Zin
The Shining One
Jiyva

Shops:
D:4 =   D:11 !   D:13 ?   D:15 *   Orc:2 *([:


Innate Abilities, Weirdness & Mutations

You are resistant to torment.
Your stone body is resilient. (AC +14)
You are immune to poison.
Your large and strong wings let you fly indefinitely.
You resist negative energy. (rN+)
You are resistant to electric shocks. (rElec)
You can survive without breathing.
You are immune to petrification.
You are immune to rotting.


Message History

* * * LOW HITPOINT WARNING * * *
The vampire knight draws life force from you and is healed!
The frost giant is struck by lightning.
The frost giant hits you but does no damage.
You closely miss the vampire knight.
The vampire knight is no longer moving quickly.
The vampire knight is infused with unholy energy.
* * * LOW HITPOINT WARNING * * *
The vampire knight draws life force from you and is healed!
The vampire knight hits you but does no damage.
You block the vampire knight's attack.
The centaur is engulfed in freezing vapours.
You block the green very ugly thing's attack.
You barely miss the vampire knight.
The frost giant hits you with a +1 battleaxe of freezing!
* * * LOW HITPOINT WARNING * * *
The frost giant freezes you.
* * * LOW HITPOINT WARNING * * *
You block the vampire knight's attack.
The vampire knight bites you but does no damage.
Okay, then.
As you read the scroll of teleportation {@r4}, it crumbles to dust.
You feel strangely unstable.
The centaur is engulfed in freezing vapours.
The green ugly thing is engulfed in blazing flames.
The green very ugly thing is struck by lightning.
The green very ugly thing bites you but does no damage.
You block the vampire knight's attack.
The vampire knight bites you but does no damage.
The vampire knight hits you with a +0 war axe!
* * * LOW HITPOINT WARNING * * *
You block the vampire knight's attack.
The centaur is engulfed in freezing vapours.
You kill the centaur!
Qazlal accepts your kill.
You hit the vampire knight but do no damage.
The frost giant casts a spell at you. The bolt of cold hits you!! You resist.
* * * LOW HITPOINT WARNING * * *
The green ugly thing is engulfed in blazing flames.
The green very ugly thing bites you but does no damage.
You feel yourself speed up.
The vampire knight is infused with unholy energy.
* * * LOW HITPOINT WARNING * * *
The vampire knight draws life force from you and is healed!
You block the vampire knight's attack. x3
The vampire knight bites you but does no damage.
The green ugly thing is engulfed in blazing flames.
The frost giant hits you with a +1 battleaxe of freezing!
You die...

..........
..../...#.@..
#......#....
#......#...
#......#...
#....†c#..###
#....Cu#....
#...cuC##§####..#
#...cJu@V.......#
#....○V##.#####.#
#########.#####.#
#<............
######.#####..
#.# #.# #.# #.#


You could see a frost giant, 2 very ugly things, a stone giant, 2 vampire
knights, a green ugly thing, a slime creature, a centaur warrior and 2 centaurs.

Vanquished Creatures
  the Lernaean hydra (Swamp:4)
  Nikola (Depths:1)
  Rupert (D:15)
  The ghost of DerDa the Eclecticist, an adept DrCj of Sif Muna (Spider:4)
  Agnes (D:15)
  Kirke (Lair:6)
  Donald (Swamp:4)
  3 ghost moths (Spider:4)
  Aizul (Swamp:2)
  An orc warlord (Orc:2)
  8 emperor scorpions
  A very ugly thing (Depths:1)
  A stone giant (Orc:1)
  3 entropy weavers
  Josephine (Lair:6)
  A fire dragon (D:9)
  Harold (D:9)
  A rakshasa (Depths:1)
  A great orb of eyes (D:15)
  Fannar (Lair:3)
  28 hydras
  3 catoblepae (Lair:6)
  2 shambling mangroves
  Erolcha (Orc:2)
  3 vault guards (D:13)
  A queen ant (Spider:3)
  A death knight (D:15)
  8 two-headed ogres
  3 centaur warriors
  10 alligators
  A tengu warrior (D:14)
  2 orc high priests (Orc:2)
  3 death yaks (Lair:6)
  Urug (Orc:2)
  A spriggan druid (Swamp:3)
  5 skeletal warriors (D:15)
  2 unseen horrors
  A wizard (D:13)
  10 swamp dragons
  A wolf spider zombie (D:15)
  4 orc knights
  18 orb spiders
  A lindwurm (Lair:6)
  2 oklob plants (Lair:4)
  31 wolf spiders
  A necromancer (D:13)
  2 moths of wrath (Spider:4)
  9 ugly things
  3 manticores
  2 salamanders
  3 deep elf magi
  5 orc sorcerers
  2 cyclopes
  A salamander (shapeshifter) (Depths:1)
  2 centaur zombies
  6 elephants
  A torpor snail (Spider:3)
  3 black mambas
  18 spiny frogs
  A spiny frog (shapeshifter) (D:15)
  3 gargoyles
  2 rime drakes
  4 tengu conjurers
  7 komodo dragons
  8 demonic crawlers
  2 kobold demonologists
  6 trolls
  4 freezing wraiths (D:15)
  A queen bee (D:12)
  A jumping spider (shapeshifter) (D:15)
  8 tyrant leeches
  26 jumping spiders
  9 hornets
  9 meliai
  9 polar bears (Lair:6)
  2 dream sheep (Lair:6)
  14 slime creatures
  16 blink frogs
  2 raiju (Lair:6)
  8 hippogriffs
  7 bog bodies
  3 spriggans (Swamp:3)
  3 shadows
  8 wraiths
  78 redbacks
  2 fire bats (Volcano)
  45 yaks
  28 tarantellas
  A vampire (D:14)
  4 wyverns
  A fire elemental (Volcano)
  A hungry ghost (D:15)
  6 basilisks
  21 humans
  29 vampire mosquitoes
  12 wargs
  Edmund (D:6)
  21 soldier ants (Spider:3)
  14 swamp worms
  14 water moccasins
  3 acid dragons
  16 hell hounds
  7 porcupines
  33 orc warriors
  11 black bears (Lair:6)
  An eye of draining (D:12)
  4 ice beasts
  3 sky beasts
  15 swamp drakes
  2 phantoms
  21 ogres
  28 wolves
  16 centaurs
  5 crocodiles
  25 big kobolds
  2 wyvern zombies
  20 bullfrogs
  An earth elemental (D:15)
  3 scorpions
  A water moccasin skeleton (D:8)
  16 killer bees (D:12)
  2 wights (D:10)
  An electric eel (Spider:2)
  7 howler monkeys
  10 crimson imps
  3 bullfrog zombies
  9 jellies
  4 quasits
  7 hounds
  16 orc priests
  2 bullfrog skeletons
  8 centaur skeletons
  6 hell rats
  6 iguanas
  26 worker ants
  16 orc wizards
  A bullfrog simulacrum (D:11)
  A hound zombie (D:7)
  A hound skeleton (D:5)
  A howler monkey zombie (D:3)
  3 howler monkey skeletons
  15 adders
  10 river rats (D:5)
  2 shadow imps
  7 oozes
  2 adder skeletons
  3 worms
  2 leopard geckos
  70 orcs
  6 ball pythons
  6 giant cockroaches
  10 goblins
  10 hobgoblins
  11 jackals
  48 kobolds
  8 quokkas
  8 bats
  10 frilled lizards
  18 rats
  2 butterflies (Lair:6)
  A plant (Lair:6)
1285 creatures vanquished.

Vanquished Creatures (others)
  2 jumping spiders (Spider:4)
  2 slime creatures (Depths:1)
  A human (Lair:6)
  An orc wizard (D:13)
  A dart slug (D:2)
  2 orcs
  A bat (D:2)
  3 bushes
  10 fungi
  12 plants
35 creatures vanquished.

Grand Total: 1320 creatures vanquished

Notes
Turn   | Place    | Note
-------+----------+-------------------------------------------
     0 | D:1      | Holzbalken the Gargoyle Fighter began the quest for the
                  | Orb.
     0 | D:1      | Reached XP level 1. HP: 14/14 MP: 1/1
   269 | D:1      | Reached XP level 2. HP: 19/19 MP: 2/2
   869 | D:2      | Reached XP level 3. HP: 23/23 MP: 3/3
  1487 | D:3      | Reached XP level 4. HP: 27/28 MP: 4/4
  2132 | D:3      | Reached skill level 5 in Maces & Flails
  2140 | D:3      | Reached XP level 5. HP: 23/32 MP: 5/5
  2780 | D:4      | Reached XP level 6. HP: 32/37 MP: 6/6
  3371 | D:4      | Found a staircase to the Ecumenical Temple.
  3379 | Temple   | Entered the Ecumenical Temple
  3645 | Temple   | Became a worshipper of Qazlal Stormbringer
  3781 | D:4      | Found Bilaur's Jewellery Shoppe.
  3982 | D:5      | Entered Level 5 of the Dungeon
  3985 | D:5      | Got a spiked chain mail
  3988 | D:5      | Identified the +5 chain mail of Zuosav {rPois MR+ MP+9
                  | Stlth+} (You found it on level 5 of the Dungeon)
  4103 | D:5      | Reached XP level 7. HP: 37/41 MP: 7/7
  4113 | D:5      | Found a glowing drain.
  4138 | Sewer    | Entered a sewer
  4409 | Sewer    | Reached * piety under Qazlal
  5215 | D:5      | Reached ** piety under Qazlal
  5474 | D:6      | Reached XP level 8. HP: 46/46 MP: 8/8
  5585 | D:6      | Noticed Edmund
  5703 | D:6      | Found an ancient bone altar of Kikubaaqudgha.
  5775 | D:6      | Killed Edmund
  5859 | D:6      | Found a glowing silver altar of Zin.
  6010 | D:6      | Reached XP level 9. HP: 50/52 MP: 9/9
  6426 | D:7      | Reached skill level 10 in Maces & Flails
  6481 | D:7      | Reached skill level 5 in Fighting
  6534 | D:7      | Reached skill level 5 in Armour
  6534 | D:7      | Reached skill level 5 in Shields
  7160 | D:8      | Noticed a green ugly thing
  7208 | D:8      | Killed a green ugly thing
  7488 | D:8      | Reached *** piety under Qazlal
  7869 | D:8      | Reached XP level 10. HP: 60/60 MP: 10/10
  8111 | D:9      | Noticed Harold
  8132 | D:9      | Killed Harold
  8838 | D:9      | Noticed a kobold demonologist
  8854 | D:9      | Killed a kobold demonologist
  8854 | D:9      | Reached **** piety under Qazlal
  8913 | D:9      | Reached XP level 11. HP: 63/67 MP: 11/11
  9018 | D:10     | Entered Level 10 of the Dungeon
  9318 | D:10     | Found a staircase to the Lair.
  9387 | D:10     | Noticed a deep elf mage
  9389 | D:10     | Noticed a cyclops
  9391 | D:10     | Noticed an eight-headed hydra
  9392 | D:10     | Reached ***** piety under Qazlal
  9727 | D:9      | Noticed a centaur warrior
  9729 | D:9      | Noticed a fire dragon
  9742 | D:9      | Killed a centaur warrior
  9762 | D:9      | Killed a fire dragon
 10210 | D:10     | Noticed a two-headed ogre
 10225 | D:10     | Killed a two-headed ogre
 10296 | D:10     | Killed an eight-headed hydra
 10486 | D:10     | Killed a cyclops
 10486 | D:10     | Reached XP level 12. HP: 61/76 MP: 12/12
 10791 | D:10     | Noticed a soul eater
 10971 | D:11     | Reached skill level 1 in Invocations
 11224 | D:11     | Got an ancient marble ring
 11250 | D:11     | Identified the cursed ring of Vobasy {+Fly EV-3 Str-2 Int+2
                  | Dex+3} (You found it on level 11 of the Dungeon)
 11453 | D:11     | Found Niwuebed's Distillery.
 11461 | D:11     | Bought a potion of heal wounds for 90 gold pieces
 11650 | D:11     | Found a large runed translucent door.
 11650 | D:11     | Found a large runed translucent door.
 11661 | D:11     | Found a large runed translucent door.
 11661 | D:11     | Found a large runed translucent door.
 11942 | D:12     | Noticed a two-headed ogre
 11948 | D:11     | Killed a two-headed ogre
 11978 | D:12     | Noticed a centaur warrior
 11993 | D:12     | Killed a centaur warrior
 12048 | D:12     | Reached ****** piety under Qazlal
 12324 | D:12     | Reached skill level 10 in Shields
 12325 | D:12     | Reached skill level 10 in Fighting
 12330 | D:12     | Reached skill level 10 in Armour
 12372 | D:12     | Reached XP level 13. HP: 56/82 MP: 16/16
 12645 | D:12     | Found a staircase to the Orcish Mines.
 12818 | D:12     | Upgraded the game from 0.25-a0-290-g4a1327ee3a to
                  | 0.25-a0-292-gaa31f046c4
 12853 | D:13     | HP: 3/82 [meliai/divine providence (7)]
 13285 | D:13     | Reached skill level 5 in Invocations
 13483 | D:13     | Found a stormy altar of Qazlal.
 13535 | D:13     | Noticed a vault guard
 13540 | D:13     | Noticed a vault guard
 13541 | D:13     | Noticed a vault guard
 13592 | D:13     | Killed a vault guard
 13609 | D:13     | Killed a vault guard
 13609 | D:13     | Reached skill level 15 in Maces & Flails
 13613 | D:13     | Killed a vault guard
 14003 | D:13     | Found a gate to the Vaults.
 14089 | D:13     | Found Yresemmihab's Magic Scroll Emporium.
 14097 | D:13     | Bought a scroll of summoning for 123 gold pieces
 14097 | D:13     | Identified 2 scrolls of acquirement
 14102 | D:13     | Found the +3 pair of gauntlets of War {Slay+5}
 14114 | D:13     | Found the +0 Maxwell's etheric cage {RegenMP+ *Contam rElec
                  | MP+4}
 14598 | D:14     | Gained mutation: Your large and strong wings let you fly
                  | indefinitely. [Gargoyle growth]
 14598 | D:14     | Reached XP level 14. HP: 90/90 MP: 18/18
 15431 | D:15     | Entered Level 15 of the Dungeon
 15485 | D:15     | Paralysed by a great orb of eyes for 4 turns
 15718 | D:15     | Noticed Agnes
 15736 | D:15     | Killed Agnes
 15737 | D:15     | Noticed Rupert
 15753 | D:15     | Killed Rupert
 16236 | D:15     | Found Tybreat's Pet Rocks.
 16283 | D:15     | Found a staircase to the Depths.
 16694 | Lair:1   | Entered Level 1 of the Lair of Beasts
 17581 | Lair:2   | Reached XP level 15. HP: 96/96 MP: 21/21
 17971 | Lair:2   | Found a staircase to the Swamp.
 18916 | Lair:3   | Noticed Fannar
 18934 | Lair:3   | Killed Fannar
 19203 | Lair:3   | Found a hole to the Spider Nest.
 21087 | Lair:6   | Entered Level 6 of the Lair of Beasts
 21087 | Lair:6   | Found a staircase to the Slime Pits.
 21087 | Lair:6   | Found a viscous altar of Jiyva.
 21087 | Lair:6   | Noticed Josephine
 21093 | Lair:6   | Killed Josephine
 21414 | Lair:6   | Noticed Kirke
 21419 | Lair:6   | Noticed a sphinx
 21424 | Lair:6   | Killed Kirke
 21424 | Lair:6   | Reached skill level 10 in Invocations
 21848 | Lair:6   | Reached XP level 16. HP: 101/104 MP: 23/23
 22479 | Orc:1    | Entered Level 1 of the Orcish Mines
 22760 | Orc:1    | Found a dark tunnel.
 22766 | Volcano  | Entered a volcano
 23326 | Orc:2    | Entered Level 2 of the Orcish Mines
 23424 | Orc:2    | Found Ate Noze's Antique Armour Shop.
 23577 | Orc:2    | Found a staircase to the Elven Halls.
 23609 | Orc:2    | Found Pushriud's Book Shoppe.
 23653 | Orc:2    | Found Nib Haco's Antique Weapon Shoppe.
 23716 | Orc:2    | Bought a dazzling demon whip for 620 gold pieces
 23716 | Orc:2    | Identified the +3 demon whip "Nebleg" {vamp, +Fly} (You
                  | bought it in a shop on level 2 of the Orcish Mines)
 23873 | Orc:2    | Found Lighij's General Store.
 23888 | Orc:2    | Noticed Urug
 23889 | Orc:2    | Noticed Erolcha
 23898 | Orc:2    | Killed Urug
 23918 | Orc:2    | Killed Erolcha
 24495 | Swamp:1  | Entered Level 1 of the Swamp
 25076 | Swamp:1  | You are sucked into a shaft and drop 1 floor!
 25245 | Swamp:2  | Noticed Aizul
 25264 | Swamp:2  | Killed Aizul
 25574 | Swamp:2  | Reached XP level 17. HP: 112/112 MP: 26/26
 26607 | Swamp:4  | Entered Level 4 of the Swamp
 26707 | Swamp:4  | Noticed Donald
 26737 | Swamp:4  | Killed Donald
 26897 | Swamp:4  | Noticed the 27-headed Lernaean hydra
 26924 | Swamp:4  | Killed the 27-headed Lernaean hydra
 26924 | Swamp:4  | Reached skill level 15 in Fighting
 26924 | Swamp:4  | Reached skill level 15 in Armour
 26924 | Swamp:4  | Reached skill level 15 in Shields
 27125 | Swamp:4  | Got a decaying rune of Zot
 27691 | Spider:1 | Entered Level 1 of the Spider Nest
 28378 | Spider:2 | Reached XP level 18. HP: 109/120 MP: 19/28
 29998 | Spider:4 | Entered Level 4 of the Spider Nest
 30839 | Spider:4 | Got a gossamer rune of Zot
 31040 | Spider:4 | Reached skill level 15 in Invocations
 31080 | Spider:4 | Reached XP level 19. HP: 127/127 MP: 30/30
 31250 | Spider:4 | Found a runed translucent gate.
 31250 | Spider:4 | Found a runed translucent gate.
 31251 | Spider:4 | Noticed DerDa's ghost (adept DrCj)
 31252 | Spider:4 | Found a runed translucent gate.
 31275 | Spider:4 | Killed DerDa's ghost
 31284 | Spider:4 | Got a bone arbalest
 31285 | Spider:4 | Identified the +6 arbalest of Resourcefulness {velocity,
                  | rPois Int+6} (You found it on level 4 of the Spider Nest)
 31471 | Spider:4 | Upgraded the game from 0.25-a0-292-gaa31f046c4 to
                  | 0.25-a0-294-gea9b1ad378
 31952 | Depths:1 | Entered Level 1 of the Depths
 31957 | Depths:1 | Noticed Nikola
 32004 | Depths:1 | Killed Nikola
 32032 | Depths:1 | Mangled by a frost giant

Levels and vault maps discovered:
D:1:      psy_arrival_radial02, layout_basic
D:2:      layout_rooms, first_ration, lemuel_flame_loot_1
D:3:      minmay_thinvault, layout_rooms
D:4:      layout_cave_pools, temple_green, serial_shops, shop,
          minmay_stone_trees_small
D:5:      lemuel_ratsnest, layout_basic, portal_sewer_entry_a
D:6:      layout_cave_pools, lemuel_round_altar, basic_altar, uniq_edmund
D:7:      layout_basic
D:8:      layout_basic, serial_rivers, chequers_serial_rivers_room_b,
          chequers_serial_rivers_small_3, chequers_serial_rivers_micro_c,
          chequers_serial_rivers_room_a, chequers_serial_rivers_micro_c,
          chequers_serial_rivers_small_b
D:9:      minmay_klotski, layout_small_grid, special_room [special_room_kobold],
          uniq_harold
D:10:     minmay_the_grid_triangle_9x9_recursive_2_mashed
          [minmay_the_grid_triangle_9x9_prize_top_heavy,
          minmay_the_grid_triangle_9x9_negative_grid,
          minmay_the_grid_triangle_9x9_pentomino_pain,
          minmay_the_grid_triangle_9x9_impossible_snake], layout_stronghold,
          lair_entry_dummy, hangedman_little_slice_of_home
D:11:     layout_cave_pools, serial_shops, nicolae_shop_stone,
          minmay_hollow_rounded_squares
D:12:     layout_rooms, erik_orc_1, special_room [special_room_bee]
D:13:     layout_big_octagon, grunt_vaults_entry_tiered, basic_altar,
          serial_shops, shop
D:14:     layout_basic, chequers_serial_rivers_small_a
D:15:     hangedman_depths_entry_try_elsewhere_first, layout_small_grid,
          chequers_serial_rivers_micro_c, guppyfry_shop_earth, uniq_rupert,
          uniq_agnes
Temple:   nicolae_temple_the_god_donut
Lair:1:   layout_regular_city, beast_lair_carwin_7, serial_bayou_shore_a,
          grunt_megastairs_2
Lair:2:   layout_cave_pods, minmay_swamp_entry_reptiles, columned_hall_lemuel,
          grunt_megastairs_4
Lair:3:   layout_gridlike, nicolae_spider_entry_tight_spaces, uniq_fannar
Lair:4:   layout_gridlike, grunt_megastairs_3, minmay_lair_oklob_chamber
Lair:5:   layout_layer_cave, cheibrodos_lair_reptile_den
Lair:6:   hangedman_lair_in_review, layout_cave_shapes,
          hangedman_lair_caniforms_friends, slime_altar_1, lemuel_fruit_fields,
          uniq_kirke, uniq_josephine
Swamp:1:  layout_falls_marsh, serial_swamp_ruin, hangedman_swamp_ruin_wall,
          evilmike_swamp_ruin_house_2, evilmike_swamp_ruin_wall
Swamp:2:  layout_basic_swamp, evilmike_swamp_ruin_house_1, uniq_aizul
Swamp:3:  layout_falls_marsh, nicolae_swamp_round_clearing
Swamp:4:  swamp_old_school, layout_basic_swamp, swamp_pool4, uniq_donald
Spider:1: layout_spider_delve
Spider:2: layout_spider_delve, drop_trap
Spider:3: layout_spider_delve, zaba_antful_of_joy
Spider:4: grunt_spider_rune_circles, ebering_ghost_rock_garden,
          spiders_nest_spider_trap
Orc:1:    layout_diamond_mine, enter_volcano_3
Orc:2:    grunt_orc_gardens, layout_caves, grunt_orc_garden, grunt_orc_garden,
          grunt_orc_garden, grunt_orc_garden, uniq_erolcha, uniq_urug
Depths:1: layout_basic, abyss_entry, hellmouth_1, minmay_holes,
          due_unseen_surprise, uniq_nikola

Skill      XL: |  1  2  3  4  5  6  7  8  9 10 11 12 13 14 15 16 17 18 19 |
---------------+----------------------------------------------------------+-----
Maces & Flails | 3 4 5 6 7 9 11 12 13 14 15 16 | 16.0
Fighting       | 4 6 7 9 10 11 12 13 14 15 16 17 | 17.1
Armour         | 4 6 7 9 10 11 12 13 14 15 16 17 | 17.1
Shields        | 4 6 7 9 10 11 12 13 14 15 | 15.0
Invocations    | 4 6 8 10 12 13 15 | 15.2

Action                   |  1- 3 |  4- 6 |  7- 9 | 10-12 | 13-15 | 16-18 | 19-21 || total
-------------------------+-------+-------+-------+-------+-------+-------+-------++-------
Melee: Flail             |   115 |   330 |   559 |   526 |       |       |       ||  1530
       Morningstar       |       |       |       |   292 |  1188 |   346 |       ||  1826
       Demon whip        |       |       |       |       |       |  1573 |   122 ||  1695
 Abil: Evoke Flight      |       |       |     1 |       |       |       |       ||     1
       Fly               |       |       |       |       |     1 |       |       ||     1
  Use: Scroll            |       |    12 |     5 |     5 |    25 |     8 |     3 ||    58
       Potion            |       |       |     1 |     1 |       |     4 |     2 ||     8
 Stab: Petrified         |       |       |       |       |     3 |       |       ||     3
  Eat: Chunk             |     2 |     9 |    10 |     7 |    13 |    14 |       ||    55
       Ration            |       |       |     1 |     3 |     5 |     6 |       ||    15
Armor: Scale mail        |    24 |       |       |       |       |       |       ||    24
       Chain mail        |    49 |   144 |   348 |   514 |   553 |   104 |       ||  1712
       Plate armour      |       |    94 |       |       |       |  1340 |    54 ||  1488
Dodge: Dodged            |    40 |    74 |   110 |   219 |   252 |   812 |    17 ||  1524
       Deflected         |       |       |       |    11 |     7 |    12 |     1 ||    31
Block: Shield            |    83 |   178 |   402 |   982 |  1384 |  2440 |   101 ||  5570
       Reflection        |       |       |       |       |       |     2 |     1 ||     3

Table legend:
 A = Non-vault XP
 B = Vault XP
 C = Vault XP percentage of total XP
 D = Non-vault monster count
 E = Vault monster count
 F = Vault count percentage of total count
                 A         B        C        D         E       F
            +---------+---------+-------+---------+---------+-------
      Total |  178693 |  150885 |  45.8 |     782 |     501 |  39.0
            +---------+---------+-------+---------+---------+-------
        D:1 |      30 |       0 |   0.0 |      18 |       0 |   0.0
        D:2 |      50 |       0 |   0.0 |      13 |       0 |   0.0
        D:3 |      48 |      47 |  49.5 |      17 |      17 |  50.0
        D:4 |     379 |       0 |   0.0 |      20 |       0 |   0.0
        D:5 |     317 |     352 |  52.6 |       9 |      34 |  79.1
        D:6 |     895 |     164 |  15.5 |      22 |       1 |   4.3
        D:7 |     806 |       0 |   0.0 |      17 |       0 |   0.0
        D:8 |    1540 |       0 |   0.0 |      20 |       0 |   0.0
        D:9 |    1652 |    6220 |  79.0 |      27 |      45 |  62.5
       D:10 |    2872 |    4320 |  60.1 |      24 |      24 |  50.0
       D:11 |    4679 |    1780 |  27.6 |      33 |      10 |  23.3
       D:12 |    4025 |    2749 |  40.6 |      16 |      37 |  69.8
       D:13 |    7085 |    8180 |  53.6 |      40 |      25 |  38.5
       D:14 |   11859 |       0 |   0.0 |      54 |       0 |   0.0
       D:15 |    9961 |    8647 |  46.5 |      28 |       9 |  24.3
     Lair:1 |    4911 |    2251 |  31.4 |      17 |      14 |  45.2
     Lair:2 |    3812 |     887 |  18.9 |      18 |       6 |  25.0
     Lair:3 |    3531 |    2613 |  42.5 |      11 |       8 |  42.1
     Lair:4 |    3542 |    1914 |  35.1 |      13 |       9 |  40.9
     Lair:5 |    2913 |     794 |  21.4 |      16 |       2 |  11.1
     Lair:6 |    6792 |   25998 |  79.3 |      23 |      84 |  78.5
    Swamp:1 |    9807 |       0 |   0.0 |      20 |       0 |   0.0
    Swamp:2 |    8135 |    1669 |  17.0 |      23 |       1 |   4.2
    Swamp:3 |   15932 |       0 |   0.0 |      38 |       0 |   0.0
    Swamp:4 |    9684 |   23741 |  71.0 |      31 |      28 |  47.5
   Spider:1 |    8032 |       0 |   0.0 |      21 |       0 |   0.0
   Spider:2 |   15311 |       0 |   0.0 |      41 |       0 |   0.0
   Spider:3 |   14127 |   10128 |  41.8 |      43 |      41 |  48.8
   Spider:4 |   16028 |   28542 |  64.0 |      48 |      47 |  49.5
      Orc:1 |    4491 |     299 |   6.2 |      26 |       2 |   7.1
      Orc:2 |    2601 |   11123 |  81.0 |      30 |      29 |  49.2
   Depths:1 |    2846 |    3805 |  57.2 |       5 |       1 |  16.7
      Sewer |       0 |      73 | 100.0 |       0 |      18 | 100.0
    Volcano |       0 |    4589 | 100.0 |       0 |       9 | 100.0
            +---------+---------+-------+---------+---------+-------
